cohdb
Replays
Latest Replays
All Replays
Popular Replays
Top Player Replays
Match Explorer
How It Works
Community
CoH3 Stats
Reddit
Sign in to upload your games and track your stats! →
Sign in with Steam
Match 45361860
Unlisted
Match 45361860
Overview
Messages
Build Orders
End
Construct Infanterie Kompanie
Grenadier Squad
Kettenkrad Recon Vehicle
MG 42 Machine Gun Team
Grenadier Squad
Construct Panzergrenadier Kompanie
Panzergrenadier Squad
Panzergrenadier Squad
Selects Mechanized Battlegroup
Selects Raid Package
Pak 40 Anti-tank Gun Team
Selects 8 Rad Armored Car
Construct Panzer Kompanie
Selects UNKNOWN (2160084)
Medical Station
Panther Heavy Tank
Selects Spotting Scopes
Panther Heavy Tank
Selects Wespe Self-propelled Artillery
Wespe Self-propelled Artillery
Wespe Self-propelled Artillery
Why So Serious?
game
jacklean
PanzerFoster
gxxg TR
gks5253
huhrmit
DarxSokul
0
0
Comments
sign in to comment!
No comments posted yet!